 Dungeon Crawl Stone Soup version 0.21.1-1-g345015f (webtiles) character file.

789 tidbits the Grave Robber (level 7, 0/51 HPs)
             Began as a Gnoll Necromancer on June 13, 2018.
             Slain by a centaur skeleton (4 damage)
             ... on level 5 of the Dungeon.
             The game lasted 00:17:14 (1575 turns).

tidbits the Grave Robber (Gnoll Necromancer)        Turns: 1575, Time: 00:17:15

Health: 0/51       AC:  5    Str: 10    XL:     7   Next: 87%
Magic:  2/15       EV: 15    Int: 24    God:
Gold:   248        SH:  0    Dex: 16    Spells: 9/17 levels left

rFire    + . .     SeeInvis .   u - +0 flail
rCold    + . .     Gourm    .   (no shield)
rNeg     . . .     Faith    .   B - +1 robe {rC+ rF+}
rPois    .         Spirit   .   (no helmet)
rElec    .         Reflect  .   (no cloak)
rCorr    .         Harm     .   G - +1 pair of gloves {archery}
MR       .....                  (no boots)
Stlth    +++.......             (no amulet)
HPRegen  0.17/turn              A - +5 ring of intelligence
MPRegen  0.14/turn              (no ring)

@: berserk cooldown, slowed, very slow
A: distributed training, fangs 1, strong nose
a: no special abilities


You were on level 5 of the Dungeon.
You were not hungry.

You visited 1 branch of the dungeon, and saw 6 of its levels.

You collected 248 gold pieces.

Inventory:

Hand Weapons
 f - a +0 dagger
 s - a cursed -1 war axe
 u - a +0 flail (weapon)
 C - a +0 glaive
Missiles
 o - 62 arrows
 p - 13 stones
 v - 4 tomahawks (quivered)
Armour
 a - a +0 robe
 B - a +1 robe of resistance (worn)
   (You took it off Blork the orc on level 4 of the Dungeon)
 G - a +1 pair of gloves of archery (worn)
   (You found it on level 2 of the Dungeon)
Magical Staves
 x - an uncursed staff of poison {unknown}
   (You found it on level 4 of the Dungeon)
Jewellery
 A - a +5 ring of intelligence (left hand)
   (You found it on level 3 of the Dungeon)
Scrolls
 h - 2 scrolls of enchant weapon
 l - 3 scrolls of teleportation
 n - 2 scrolls of remove curse
 q - a scroll of fear
 y - 3 scrolls of amnesia
Potions
 d - 5 potions of curing
 e - a potion of might {unknown}
 g - a potion of resistance {unknown}
 i - a potion of magic {unknown}
 k - a potion of degeneration
 m - a potion of invisibility {unknown}
 r - a potion of agility
 w - a potion of heal wounds
 z - a potion of haste
 D - a potion of lignification
Books
 b - a book of Necromancy

   Spells                             Type                      Level
   a - Pain                           Necromancy                   1
   b - Animate Skeleton               Necromancy                   1
   c - Vampiric Draining              Necromancy                   3
   d - Regeneration                   Charms/Necromancy            3
   e - Animate Dead                   Necromancy                   4
   f - Borgnjor's Vile Clutch         Necromancy/Earth             5
Comestibles
 c - 9 rations


   Skills:
 + Level 2.7 Fighting
 + Level 2.7 Short Blades
 + Level 2.7 Long Blades
 + Level 2.7 Axes
 + Level 2.7 Maces & Flails
 + Level 2.7 Polearms
 + Level 2.7 Staves
 + Level 2.7 Slings
 + Level 2.7 Bows
 + Level 2.7 Crossbows
 + Level 2.7 Throwing
 + Level 2.7 Armour
 + Level 5.3 Dodging
 + Level 5.0 Stealth
 + Level 2.7 Shields
 + Level 2.7 Unarmed Combat
 + Level 5.7 Spellcasting
 + Level 2.2 Conjurations
 + Level 2.2 Hexes
 + Level 2.2 Charms
 + Level 2.2 Summonings
 + Level 7.5 Necromancy
 + Level 2.2 Translocations
 + Level 2.2 Transmutations
 + Level 2.2 Fire Magic
 + Level 2.2 Ice Magic
 + Level 2.2 Air Magic
 + Level 2.2 Earth Magic
 + Level 2.2 Poison Magic
 + Level 3.0 Invocations
 + Level 2.7 Evocations


You had 9 spell levels left.
You knew the following spells:

 Your Spells              Type           Power        Failure   Level  Hunger
a - Pain                  Necr           ####         1%          1    None
d - Vampiric Draining     Necr           #####.....   1%          3    #......
n - Animate Skeleton      Necr           N/A          1%          1    None
r - Regeneration          Chrm/Necr      ####......   3%          3    #......


Dungeon Overview and Level Annotations

Branches:
Dungeon (6/15)
 Temple: D:4-7

Altars:
Okawaru
Uskayaw
Wu Jian
Yredelemnul

Annotations:
D:3 RottenKnight's ghost, amateur DrFE


Innate Abilities, Weirdness & Mutations

Your experience applies equally to all skills.
You have very sharp teeth.
Your uncanny sense of smell can sniff out nearby items.


Message History

You hit the ooze but do no damage.
The ooze is almost dead.
The ooze closely misses you.
You hit the ooze.
You kill the ooze!
You feel sick.
You are no longer poisoned.
You see here an adder corpse.
You butcher the adder corpse.
You see here a chunk of flesh.
Eat a chunk of flesh? (ye/n/q)
You eat the chunk of flesh.
This raw flesh tastes terrible.
Found 17 gold pieces.
You see here 17 gold pieces.
You now have 248 gold pieces (gained 17).
A hound is nearby!
Unknown command.
The hound barks!
You hear a shout! x3
Casting: Pain
Confirm with . or Enter, or press ? or * to list all spells.
Aiming: Pain
Press: ? - help, Shift-Dir - straight line, f - hound
Aim: a hound (chance to defeat MR: 89%)
The hound writhes in agony!
Casting: Pain
Confirm with . or Enter, or press ? or * to list all spells.
Aiming: Pain
Press: ? - help, Shift-Dir - straight line, f/p - hound
Aim: a hound (lightly wounded, chance to defeat MR: 89%)
The hound barely resists.
Casting: Pain
Confirm with . or Enter, or press ? or * to list all spells.
Aiming: Pain
Press: ? - help, Shift-Dir - straight line, f/p - hound
Aim: a hound (lightly wounded, chance to defeat MR: 89%)
The hound writhes in agony!
The hound bites you.
* * * LOW HITPOINT WARNING * * *
Casting: Pain
Confirm with . or Enter, or press ? or * to list all spells.
Aiming: Pain
Press: ? - help, Shift-Dir - straight line, f/p - hound
Aim: a hound (moderately wounded, chance to defeat MR: 89%)
The hound writhes in agony!
The hound bites you but does no damage. x2
Casting: Pain
Confirm with . or Enter, or press ? or * to list all spells.
Aiming: Pain
Press: ? - help, Shift-Dir - straight line, f/p - hound
Aim: a hound (severely wounded, chance to defeat MR: 89%)
The hound writhes in agony!
The hound closely misses you.
You sock the hound!
You kill the hound!
Your Invocations skill increases to level 3!
You see here a hound corpse.
An orc comes into view. It is wielding a hand axe.
Casting: Pain
Confirm with . or Enter, or press ? or * to list all spells.
Aiming: Pain
Press: ? - help, Shift-Dir - straight line, f - orc
Aim: an orc, wielding a hand axe (chance to defeat MR: 93%)
The orc writhes in agony!
Casting: Pain
Confirm with . or Enter, or press ? or * to list all spells.
You don't have enough magic to cast that spell.
An orc comes into view. It is wielding a hand axe.
It was a potion of berserk rage.
A red film seems to cover your vision as you go berserk!
You feel yourself moving faster!
You feel mighty!
You sock the orc!
You kill the orc!
An orc comes into view. It is wielding a mace.
The orc shouts!
You hear a shout!
The orc moves out of view.
The orc barely misses you.
Things that are here:
a hand axe; an orc corpse You sock the orc!
You kill the orc!
You sock the orc!
You kill the orc!
An orc comes into view. It is wielding a flail.
Things that are here:
a mace; a leather armour; a hand axe You feel a strong urge to attack something.
Found 9 gold pieces.
You thump the orc!
You kill the orc!
A centaur skeleton comes into view.
Things that are here:
a flail; a leather armour You feel a strong urge to attack something.
You thump the centaur skeleton! You bite the centaur skeleton.
The centaur skeleton is heavily damaged.
You are no longer berserk.
You are exhausted.
You feel yourself slow down. The centaur skeleton misses you.
You hit the centaur skeleton. You bite the centaur skeleton.
The centaur skeleton is severely damaged.
The centaur skeleton hits you!
* * * LOW HITPOINT WARNING * * *
The centaur skeleton misses you. The centaur skeleton hits you.
You die...

#.#
#........#
#.#
#######..#
. #.# #..#
.. ##.#
##.. ...
#.$# #..
... #..#
##. . ..
...# ##
....#.##.#
#
......Z@.#
..###.##)#
# #.###
#.).#
#.#)#
#.#.#
#.#.#
######.#.#
#...>).#.#


You could see a centaur skeleton.

Vanquished Creatures
  A sky beast (D:5)
  A centaur (D:6)
  An ogre (D:4)
  Blork the orc (D:4)
  2 scorpions (D:4)
  A wight (D:5)
  A hound (D:5)
  A bullfrog skeleton (D:4)
  A centaur skeleton (D:4)
  A jelly (D:6)
  An orc wizard (D:4)
  3 worker ants
  A worker ant zombie (D:6)
  6 adders
  A howler monkey skeleton (D:5)
  An ooze (D:5)
  2 leopard geckos
  9 orcs
  3 giant cockroaches
  A goblin (D:1)
  4 hobgoblins (D:1)
  4 jackals
  4 quokkas
  A ball python (D:5)
  3 bats
  5 frilled lizards
  A kobold (D:1)
  3 rats
64 creatures vanquished.

Notes
Turn   | Place    | Note
-------+----------+-------------------------------------------
     0 | D:1      | tidbits the Gnoll Necromancer began the quest for the Orb.
     0 | D:1      | Reached XP level 1. HP: 13/13 MP: 6/6
    79 | D:1      | Reached XP level 2. HP: 8/19 MP: 0/7
    82 | D:1      | Learned a level 1 spell: Animate Skeleton
   417 | D:2      | Reached skill level 5 in Spellcasting
   417 | D:2      | Reached XP level 3. HP: 23/25 MP: 5/9
   422 | D:2      | Learned a level 3 spell: Vampiric Draining
   426 | D:2      | Learned a level 3 spell: Regeneration
   439 | D:2      | Found a basalt altar of Yredelemnul.
   613 | D:5      | Entered Level 5 of the Dungeon
   625 | D:4      | Noticed a scorpion
   631 | D:4      | Killed a scorpion
   631 | D:4      | Reached skill level 1 in Fighting
   631 | D:4      | Reached skill level 1 in Short Blades
   631 | D:4      | Reached skill level 1 in Long Blades
   631 | D:4      | Reached skill level 1 in Axes
   631 | D:4      | Reached skill level 1 in Maces & Flails
   631 | D:4      | Reached skill level 1 in Polearms
   631 | D:4      | Reached skill level 1 in Staves
   631 | D:4      | Reached skill level 1 in Slings
   631 | D:4      | Reached skill level 1 in Bows
   631 | D:4      | Reached skill level 1 in Crossbows
   631 | D:4      | Reached skill level 1 in Throwing
   631 | D:4      | Reached skill level 1 in Armour
   631 | D:4      | Reached skill level 1 in Shields
   631 | D:4      | Reached skill level 1 in Unarmed Combat
   631 | D:4      | Reached skill level 1 in Invocations
   631 | D:4      | Reached skill level 1 in Evocations
   631 | D:4      | Reached XP level 4. HP: 18/32 MP: 1/11
   632 | D:4      | Found an ornate altar of the Wu Jian Council.
   660 | D:4      | Reached skill level 1 in Conjurations
   660 | D:4      | Reached skill level 1 in Hexes
   660 | D:4      | Reached skill level 1 in Charms
   660 | D:4      | Reached skill level 1 in Summonings
   660 | D:4      | Reached skill level 1 in Translocations
   660 | D:4      | Reached skill level 1 in Transmutations
   660 | D:4      | Reached skill level 1 in Fire Magic
   660 | D:4      | Reached skill level 1 in Ice Magic
   660 | D:4      | Reached skill level 1 in Air Magic
   660 | D:4      | Reached skill level 1 in Earth Magic
   660 | D:4      | Reached skill level 1 in Poison Magic
   684 | D:4      | Reached XP level 5. HP: 15/37 MP: 0/12
   831 | D:3      | Noticed RottenKnight's ghost (amateur DrFE)
   948 | D:4      | Found an iron altar of Okawaru.
   954 | D:4      | Noticed an ogre
   960 | D:4      | Reached skill level 2 in Invocations
   960 | D:4      | Reached XP level 6. HP: 36/44 MP: 8/13
   965 | D:4      | Reached skill level 2 in Fighting
   965 | D:4      | Reached skill level 2 in Short Blades
   965 | D:4      | Reached skill level 2 in Long Blades
   965 | D:4      | Reached skill level 2 in Axes
   965 | D:4      | Reached skill level 2 in Maces & Flails
   965 | D:4      | Reached skill level 2 in Polearms
   965 | D:4      | Reached skill level 2 in Staves
   965 | D:4      | Reached skill level 2 in Slings
   965 | D:4      | Reached skill level 2 in Bows
   965 | D:4      | Reached skill level 2 in Crossbows
   965 | D:4      | Reached skill level 2 in Throwing
   965 | D:4      | Reached skill level 2 in Armour
   965 | D:4      | Reached skill level 5 in Dodging
   965 | D:4      | Reached skill level 2 in Shields
   965 | D:4      | Reached skill level 2 in Unarmed Combat
   965 | D:4      | Reached skill level 2 in Evocations
   985 | D:4      | Noticed Blork the orc
   996 | D:4      | Killed Blork the orc
  1097 | D:5      | Reached XP level 7. HP: 34/50 MP: 7/15
  1240 | D:6      | Found a hide-covered altar of Uskayaw.
  1438 | D:6      | Reached skill level 2 in Conjurations
  1438 | D:6      | Reached skill level 2 in Hexes
  1438 | D:6      | Reached skill level 2 in Charms
  1438 | D:6      | Reached skill level 2 in Summonings
  1438 | D:6      | Reached skill level 2 in Translocations
  1438 | D:6      | Reached skill level 2 in Transmutations
  1438 | D:6      | Reached skill level 2 in Fire Magic
  1438 | D:6      | Reached skill level 2 in Ice Magic
  1438 | D:6      | Reached skill level 2 in Air Magic
  1438 | D:6      | Reached skill level 2 in Earth Magic
  1438 | D:6      | Reached skill level 2 in Poison Magic
  1486 | D:5      | Reached skill level 5 in Stealth
  1555 | D:5      | Reached skill level 3 in Invocations
  1575 | D:5      | HP: 4/51 [centaur skeleton (8)]
  1575 | D:5      | Slain by a centaur skeleton

Skill      XL: |  1  2  3  4  5  6  7 |
---------------+----------------------+-----
Spellcasting   | 5 |  5.7
Fighting       | 1 2 |  2.7
Short Blades   | 1 2 |  2.7
Long Blades    | 1 2 |  2.7
Axes           | 1 2 |  2.7
Maces & Flails | 1 2 |  2.7
Polearms       | 1 2 |  2.7
Staves         | 1 2 |  2.7
Slings         | 1 2 |  2.7
Bows           | 1 2 |  2.7
Crossbows      | 1 2 |  2.7
Throwing       | 1 2 |  2.7
Armour         | 1 2 |  2.7
Shields        | 1 2 |  2.7
Unarmed Combat | 1 2 |  2.7
Invocations    | 1 2 3 |  3.0
Evocations     | 1 2 |  2.7
Conjurations   | 1 2 |  2.2
Hexes          | 1 2 |  2.2
Charms         | 1 2 |  2.2
Summonings     | 1 2 |  2.2
Translocations | 1 2 |  2.2
Transmutations | 1 2 |  2.2
Fire Magic     | 1 2 |  2.2
Ice Magic      | 1 2 |  2.2
Air Magic      | 1 2 |  2.2
Earth Magic    | 1 2 |  2.2
Poison Magic   | 1 2 |  2.2
Dodging        | 5 |  5.3
Stealth        | 5 |  5.0
Necromancy     | |  7.5

Action                   |  1- 3 |  4- 6 |  7- 9 || total
-------------------------+-------+-------+-------++-------
Melee: Dagger            |     5 |     5 |    10 ||    20
       Flail             |       |    12 |    64 ||    76
       Bite              |       |     3 |     7 ||    10
Throw: Tomahawk          |       |    14 |       ||    14
       Stone             |       |     1 |       ||     1
 Cast: Pain              |    33 |    35 |    21 ||    89
       Regeneration      |     1 |     3 |     2 ||     6
       Vampiric Draining |       |     3 |     4 ||     7
  Use: Scroll            |     2 |       |     7 ||     9
       Potion            |       |     3 |     1 ||     4
 Stab: Sleeping          |     1 |     1 |     5 ||     7
  Eat: Chunk             |       |     1 |     2 ||     3
Armor: Robe              |     2 |     9 |    24 ||    35
Dodge: Dodged            |    13 |    20 |    67 ||   100

Table legend:
 A = Turns spent in this place as a percentage of turns spent in the entire game.
 B = Non-inter-level travel turns spent in this place as a percentage of non-inter-level travel turns spent in the entire game.
 C = Inter-level travel turns spent in this place as a percentage of turns spent in this place.
 D = Turns resting spent in this place as a percentage of non-inter-level travel turns spent in this place.
 E = Turns spent auto-exploring this place as a percentage of non-inter-level travel turns spent in this place.
 F = Non-inter-level travel turns spent in this place divided by the number of levels of this place that you've seen.
                   A       B       C       D       E      F
               +-------+-------+-------+-------+-------+----------------------
         Total | 100.0 | 100.0 |   0.9 |   0.0 |   0.0 | 260.2
       Dungeon | 100.0 | 100.0 |   0.9 |   0.0 |   0.0 | 260.2
               +-------+-------+-------+-------+-------+----------------------

Table legend:
 A = Kills in this place as a percentage of kills in entire the game.
 B = Kills by you in this place as a percentage of kills by you in the entire game.
 C = Kills by friends in this place as a percentage of kills by friends in the entire game.
 D = Other kills in this place as a percentage of other kills in the entire game.
 E = Experience gained in this place as a percentage of experience gained in the entire game.
 F = Experience gained in this place divided by the number of levels of this place that you have seen.
                   A       B       C       D       E      F
               +-------+-------+-------+-------+-------+----------------------
         Total | 100.0 | 100.0 |   N/A |   N/A | 100.0 | 188.0
       Dungeon | 100.0 | 100.0 |   N/A |   N/A | 100.0 | 188.0
               +-------+-------+-------+-------+-------+----------------------

Vault maps used:
D:1:      mrwooster_arrival_statue, minmay_split_cup_large
D:2:      nicolae_overflow_crystal_walls
D:3:      lemuel_statue_altar
D:4:      lemuel_crystal_altar, lemuel_doored_altar, uniq_blork_the_orc
D:5:      first_ration, nicolae_sextant, st_stairs_4
D:6:      kennysheep_mini, minmay_temple_entry_oklob
